 Dungeon Crawl Stone Soup version 0.20.1-1-g8b1a95d (webtiles) character file.

95 ricardofg the Chiller (level 4, 31/32 HPs)
             Began as a Merfolk Ice Elementalist on Nov 21, 2017.
             Got out of the dungeon alive.
             The game lasted 00:10:17 (2592 turns).

ricardofg the Chiller (Merfolk Ice Elementalist)    Turns: 2592, Time: 00:10:17

Health: 31/32      AC:  5    Str:  8    XL:     4   Next: 66%
Magic:  8/8        EV: 13    Int: 15    God:
Gold:   92         SH:  0    Dex: 14    Spells: 8/9 levels left

rFire    . . .     SeeInvis .   m - +0 whip
rCold    . . .     Gourm    .   (no shield)
rNeg     . . .     Faith    .   a - +0 robe
rPois    .         Spirit   .   (no helmet)
rElec    .         Reflect  .   s - +2 cloak {MR+}
rCorr    .         Harm     .   (no gloves)
MR       +....                  (no boots)
Stlth    ++........             (no amulet)
Regen    0.1/turn               (no ring)
MPRegen  0.2/turn               (no ring)

@: drained
A: change form in water, swift swim, stealthy swim
a: no special abilities


You escaped.
You were not hungry.

You visited 1 branch of the dungeon, and saw 3 of its levels.

You collected 92 gold pieces.

Inventory:

Hand Weapons
 e - a +0 dagger
 m - a +0 whip (weapon)
 q - a +0 dagger of freezing
 r - a +3 quarterstaff of chaos
Missiles
 i - 38 stones (quivered)
Armour
 a - a +0 robe (worn)
 h - a +0 buckler
 s - a +2 cloak of magic resistance (worn)
Jewellery
 j - an uncursed amulet of regeneration {unknown}
Wands
 t - a wand of iceblast (4/15)
Scrolls
 k - 2 scrolls of magic mapping {unknown}
 l - a scroll of blinking {unknown}
 p - 4 scrolls of identify {unknown}
Potions
 n - a potion of curing {unknown}
 o - a potion of lignification {unknown}
Books
 b - a book of Frost

   Spells                             Type                      Level
   a - Freeze                         Ice                          1
   b - Throw Frost                    Conjuration/Ice              2
   c - Ozocubu's Armour               Charms/Ice                   3
   d - Throw Icicle                   Conjuration/Ice              4
   e - Summon Ice Beast               Ice/Summoning                4
Comestibles
 c - 4 bread rations
 d - a meat ration
 f - 4 fruits


   Skills:
 + Level 1.0 Fighting
 + Level 0.2 Armour
 + Level 3.1 Dodging
 - Level 2.1 Stealth
 + Level 0.2(0.1) Shields
 + Level 3.1 Spellcasting
   Level 0.7 Conjurations
 + Level 4.2 Ice Magic


You had 8 spell levels left.
You knew the following spells:

 Your Spells              Type           Power        Failure   Level  Hunger
a - Freeze                Ice            ###.         3%          1    #......


Dungeon Overview and Level Annotations

Branches:
Dungeon (3/15)

Altars:
Okawaru


Message History

You kill the goblin!
(D) Dungeon
Where to? (Enter - D:1, ? - help)
Things that are here:
a club; a goblin corpse Magic restored.
All of the chunks of flesh in your inventory have rotted away.
There is a stone staircase leading up here.
You climb upwards.
There is a stone staircase leading down here.
(D) Dungeon
Where to? (Enter - D:1, ? - help)
Okay, then.
Unknown command.
There is an open door here.
There is a staircase leading out of the dungeon here.
Unknown command.
You can't go down here!
Are you sure you want to leave the Dungeon?
This will make you lose the game!
You have escaped!

...## #........###.........#### #
....###.......## ##...........###
.....##.......# #....)....#.##.
......#.......## ##.........#.#..
......'........###............'..
......#.......................#..
.....##..###.........###....####.
....###.## ##.......## ##.#.# ##
...## #.# #...@...# #...# # #'##
#.## ##.......## ##..##
#.#####..###.........###..##
..........................#######
..####...".....###...............
...###........## ##.......#######
....##........# #.......# #
...#..........## ##.......# #
..#............###........# #


There were no monsters in sight!

Vanquished Creatures
  Crazy Yiuf (D:2)
  3 adders
  An ooze (D:2)
  2 dart slugs (D:2)
  2 giant cockroaches
  5 goblins
  2 jackals (D:3)
  5 kobolds
  7 bats
  A frilled lizard (D:1)
  7 rats
36 creatures vanquished.

Notes
Turn   | Place    | Note
-------+----------+-------------------------------------------
     0 | D:1      | ricardofg the Merfolk Ice Elementalist began the quest for the Orb.
     0 | D:1      | Reached XP level 1. HP: 13/13 MP: 3/3
   361 | D:1      | Reached XP level 2. HP: 16/19 MP: 3/5
  1364 | D:2      | Reached XP level 3. HP: 23/24 MP: 2/7
  1485 | D:2      | Reached skill level 4 in Ice Magic
  1823 | D:2      | Found an iron altar of Okawaru.
  2160 | D:2      | Found a runed door.
  2164 | D:2      | Noticed Crazy Yiuf
  2174 | D:2      | Killed Crazy Yiuf
  2174 | D:2      | Reached XP level 4. HP: 17/31 MP: 0/8
  2321 | D:3      | Reached skill level 1 in Fighting
  2592 | D:$      | Got out of the dungeon alive.

Skill      XL: |  1  2  3  4 |
---------------+-------------+-----
Ice Magic      | 4 |  4.2
Spellcasting   | 3 |  3.1
Dodging        | 3 |  3.1
Fighting       | 1 |  1.0
Armour         | |  0.2
Stealth        | |  2.1
Shields        | |  0.2
Conjurations   | |  0.7

Action                   |  1- 3 |  4- 6 || total
-------------------------+-------+-------++-------
Melee: Dagger            |    13 |       ||    13
       Whip              |    15 |     2 ||    17
Throw: Stone             |     7 |       ||     7
 Cast: Freeze            |    39 |     9 ||    48
  Use: Potion            |     1 |       ||     1
 Stab: Sleeping          |     6 |       ||     6
       Distracted        |       |     1 ||     1
  Eat: Chunk             |     4 |     1 ||     5
Armor: Robe              |     8 |     2 ||    10
Dodge: Dodged            |    35 |     3 ||    38
